 Dungeon Sprint DCSS version 0.24-a0-525-g9231cdc (webtiles) character file.

Game seed: 12656597125328945872

112 silentkaos13 the Thrower (level 5, -2/32 HPs)
             Began as a Kobold Hunter on Aug 4, 2019.
             Slain by Sigmund
             ... wielding a +0 scythe
              (6 damage)
             ... in the Dungeon (Sprint I: "Red Sonja").
             The game lasted 00:01:15 (737 turns).

silentkaos13 the Thrower (Kobold Hunter)             Turns: 737, Time: 00:01:16

Health: -2/32      AC:  8    Str:  9    XL:     5   Next: 16%
Magic:  5/5        EV:  7    Int: 12    God:
Gold:   54         SH:  0    Dex: 17    Spells: 4/4 levels left

rFire    . . .     SeeInvis .   a - +0 short sword
rCold    . . .     Gourm    .   (shield restricted)
rNeg     . . .     Faith    .   l - +0 chain mail
rPois    .         Spirit   .   (no helmet)
rElec    .         Reflect  .   (no cloak)
rCorr    .         Harm     .   (no gloves)
MR       .....     NoTele   +   (no boots)
Stlth    ..........             (no amulet)
HPRegen  0.10/turn              (no ring)
MPRegen  0.09/turn              (no ring)

@: confused
A: small, carnivore
a: no special abilities


You were in the Dungeon.
You were not hungry.

You visited 1 branch You collected 54 gold pieces.

Inventory:

Hand Weapons
 a - a +0 short sword (weapon)
Missiles
 c - 10 boomerangs (quivered)
 d - 2 throwing nets
Armour
 b - a +0 leather armour
 l - a +0 chain mail (worn)
Scrolls
 k - a scroll of blinking
Potions
 e - a potion of curing
 g - a potion of heal wounds
 h - a potion of haste
 i - 2 potions of magic
 j - a potion of berserk rage
Comestibles
 f - a ration


   Skills:
 + Level 3.1 Fighting
 + Level 10.1 Throwing
 + Level 1.8 Armour
 + Level 3.5 Dodging
 + Level 1.3 Stealth


You had 4 spell levels left.
You didn't know any spells.
Your spell library was empty.

Dungeon Overview and Level Annotations

Branches:
Dungeon (1/1)

Altars:

Annotations:
D Sigmund


Innate Abilities, Weirdness & Mutations

You are small and have problems with some larger weapons.
You are carnivorous and can eat meat at any time.


Message History

Aim: Sigmund, wielding a +0 scythe and wearing a +2 robe of magic resistance (moderately wounded, fast)
You throw a boomerang.
Sigmund hits you from afar with a +0 scythe!
* * * LOW HITPOINT WARNING * * *
Throwing (i - inventory. (/) - cycle)
c - 10 boomerangs (quivered)
Press: ? - help, Shift-Dir - straight line, f/p - Sigmund
Aim: Sigmund, wielding a +0 scythe and wearing a +2 robe of magic resistance (moderately wounded, fast)
You throw a boomerang. Sigmund barely misses you.
Throwing (i - inventory. (/) - cycle)
c - 10 boomerangs (quivered)
Press: ? - help, Shift-Dir - straight line, f/p - Sigmund
Aim: Sigmund, wielding a +0 scythe and wearing a +2 robe of magic resistance (moderately wounded, fast)
You throw a boomerang.
Sigmund hits you from afar with a +0 scythe.
* * * LOW HITPOINT WARNING * * *
Throwing (i - inventory. (/) - cycle)
c - 10 boomerangs (quivered)
Press: ? - help, Shift-Dir - straight line, f/p - Sigmund
Aim: Sigmund, wielding a +0 scythe and wearing a +2 robe of magic resistance (moderately wounded, fast)
You throw a boomerang.
Sigmund hits you from afar with a +0 scythe.
You die...

########## ##
#<.#..)..#..+
#..)..#.@'@.#
#..#####'####
#..# #..#
#..# ####
#..# #⌠⌠#
####


You could see Sigmund.

Vanquished Creatures
  An ogre (D)
  Ijyb (D)
2 creatures vanquished.

Notes
Turn   | Place    | Note
-------+----------+-------------------------------------------
     0 | D        | silentkaos13 the Kobold Hunter began the quest for the Orb.
     0 | D        | Reached XP level 1. HP: 12/12 MP: 1/1
     1 | D        | Noticed Ijyb
    25 | D        | Killed Ijyb
    25 | D        | Reached skill level 7 in Throwing
    25 | D        | Reached XP level 2. HP: 3/18 MP: 2/2
    25 | D        | Reached XP level 3. HP: 3/22 MP: 3/3
   400 | D        | Noticed an ogre
   407 | D        | HP: 1/22 [ogre/+0 giant spiked club (7)]
   408 | D        | Killed an ogre
   408 | D        | Reached skill level 10 in Throwing
   408 | D        | Reached skill level 1 in Armour
   408 | D        | Reached XP level 4. HP: 1/28 MP: 4/4
   408 | D        | Reached XP level 5. HP: 2/32 MP: 5/5
   716 | D        | Noticed Sigmund
   737 | D        | Slain by Sigmund

Levels and vault maps discovered:
D:        dungeon_sprint_1 [red_sonja_temple_1, red_sonja_temple_small_1]

Skill      XL: |  1  2  3 |
---------------+----------+-----
Throwing       | 7 10 | 10.1
Dodging        | 3 |  3.5
Fighting       | 3 |  3.1
Armour         | 1 |  1.8
Stealth        | |  1.3

Action                   |  1- 3 |  4- 6 || total
-------------------------+-------+-------++-------
Throw: Boomerang         |    32 |    21 ||    53
Armor: Leather armour    |     2 |       ||     2
       Chain mail        |       |     2 ||     2
Dodge: Dodged            |    15 |     5 ||    20

Table legend:
 A = Non-vault XP
 B = Vault XP
 C = Vault XP percentage of total XP
 D = Non-vault monster count
 E = Vault monster count
 F = Vault count percentage of total count
                 A         B        C        D         E       F
            +---------+---------+-------+---------+---------+-------
      Total |       0 |     161 | 100.0 |       0 |       2 | 100.0
            +---------+---------+-------+---------+---------+-------
          D |       0 |     161 | 100.0 |       0 |       2 | 100.0
            +---------+---------+-------+---------+---------+-------
